AoeStats
← Changeling

Glade

512762292Analyzed
1v1 RM · 7d ago on Oct 10, 2026· 51m 3s· 2 players
Game mode
Random Map
Map size
Tiny (2 player)
Population
200
Speed
Normal
Resources
Standard
Victory
Conquest
Starting age
Dark Age
Ending age
Imperial Age
RankedLock teamsTeams togetherTeam positionsShared explorationLock speedFull tech treeHidden civsTurbo modeCheats
Victory
Defeat
🇩🇪 Persians · Germany
951
+15
vs
🇩🇪 Saracens · Germany
935
-15
wrstlr_GER
9:56 Feudal Age
8:59 Loom
10:22 Double-Bit Axe
10:19 Horse Collar
19:25 Castle Age
18:03 Forging
17:59 Scale Barding Armor
17:55 Gold Mining
19:09 Bloodlines
19:37 Fletching
20:30 Bow Saw
20:22 Heavy Plow
22:42 Iron Casting
25:02 Husbandry
24:31 Crossbowman
27:14 Wheelbarrow
26:25 Town Watch
27:33 Fervor
30:09 Gold Shaft Mining
30:11 Sanctity
29:40 Light Cavalry
32:35 Stone Mining
35:40 Hand Cart
36:46 Ballistics
36:37 Masonry
36:23 Murder Holes
36:38 Bodkin Arrow
37:03 Chain Barding Armor
36:46 Padded Archer Armor
40:51 Imperial Age
40:49 Leather Archer Armor
40:45 Elite Skirmisher
41:45 Bracer
42:15 Ring Archer Armor
42:21 Plate Barding Armor
44:43 Blast Furnace
44:45 Hoardings
44:30 Conscription
45:42 Chemistry
47:08 Hussar
Changeling
10:58 Feudal Age
12:02 Horse Collar
12:18 Double-Bit Axe
18:43 Castle Age
17:21 Gold Mining
17:57 Bloodlines
18:05 Scale Barding Armor
18:33 Forging
19:48 Bow Saw
20:23 Husbandry
21:22 Heavy Plow
23:27 Wheelbarrow
27:17 Hand Cart
26:48 Loom
26:49 Town Watch
29:03 Devotion
34:13 Imperial Age
32:44 Light Cavalry
36:09 Thumb Ring
35:25 Crossbowman
36:17 Kamandaran
36:41 Citadels
36:30 Fletching
37:48 Conscription
37:41 Padded Archer Armor
39:17 Two-Man Saw
38:49 Crop Rotation
38:53 Masonry
38:41 Bodkin Arrow
39:09 Chain Barding Armor
39:25 Iron Casting
41:29 Plate Barding Armor
41:38 Hussar
44:35 Chemistry
43:56 Ballistics
43:32 Murder Holes
44:07 Architecture
45:02 Gold Shaft Mining
44:20 Stone Mining
45:27 Hoardings
46:13 Elite War Elephant
49:15 Blast Furnace
48:33 Leather Archer Armor
49:02 Stone Shaft Mining
49:10 Heavy Camel Rider
50:32 Cavalier
Connection lost

Rejoining the realm…

Still unreachable

The connection could not be restored.

Session expired

The server has moved on; the page needs a fresh start.